 Dungeon Sprint DCSS version 0.23-a0-296-ga3b1b28 (webtiles) character file.

20033 emperorscorpion the Slicer (level 12, -14/71 HPs)
             Began as a Vine Stalker Warper on Oct 5, 2018.
             Was the Champion of Cheibriados.
             Demolished by a yaktaur captain simulacrum (34 damage)
             ... in the Dungeon (Sprint IX: "|||||||||||||||||||||||||||||").
             The game lasted 00:18:45 (1276 turns).

emperorscorpion the Slicer (Vine Stalker Warper)    Turns: 1276, Time: 00:18:46

Health: -14/71     AC: 23    Str: 37    XL:     12   Next: 75%
Magic:  0/23       EV: 24    Int: 32    God:    Cheibriados [******]
Gold:   279        SH:  0    Dex: 34    Spells: 14/25 levels left

rFire    . . .     SeeInvis +   a - +9 rapier (elec)
rCold    . . .     Gourm    .   (no shield)
rNeg     . . .     Faith    .   E - +6 scale mail of the Mind {Slay+3 SInv}
rPois    .         Spirit   +   F - +2 helmet {Int+3}
rElec    .         Reflect  .   w - +0 cloak
rCorr    .         Harm     .   D - +0 pair of gloves {Str+3}
MR       +....     NoTele   +   s - +0 pair of boots
Stlth    +++.......             (no amulet)
HPRegen  1.01/turn              u - +3 ring of strength
MPRegen  0.18/turn              v - +3 ring of dexterity

@: very slow
A: fangs 3, regeneration 2, magic shield, antimagic bite, no potion heal 3, rot
immunity
a: Bend Time, Temporal Distortion, Slouch, Step From Time, Renounce Religion


You were in the Dungeon.
You worshipped Cheibriados.
Cheibriados was exalted by your worship.
You were not hungry.

You visited 1 branch You collected 1890 gold pieces.
You spent 1611 gold pieces at shops.

Inventory:

Hand Weapons
 a - a +9 rapier of electrocution (weapon)
 b - a +2 scimitar of flaming
 c - a +1 dagger of electrocution
 p - a +0 spear
 x - a +0 shortbow
 B - a +1 vampiric dagger
 P - a +1 demon blade of venom
Missiles
 e - 5 tomahawks of dispersal (quivered)
 n - 4 tomahawks
 y - 12 arrows
Armour
 q - a +0 leather armour
 r - a +0 helmet
 s - a +0 pair of boots (worn)
 t - a +2 ring mail
 w - a +0 cloak (worn)
 z - a +0 chain mail
 C - a +1 plate armour of cold resistance
 D - a +0 pair of gloves of strength (worn)
 E - the +6 scale mail of the Mind (worn) {Slay+3 SInv}
   (You bought it in a shop in the Dungeon)

   It affects your accuracy and damage with ranged weapons and melee attacks
   (+3).
   It lets you see invisible.
 F - a +2 helmet of intelligence (worn)
 J - a +1 plate armour of fire resistance
 Q - a +1 large shield
 R - +2 pearl dragon scales
 S - +0 swamp dragon scales
Magical Staves
 o - an uncursed staff of energy
Jewellery
 u - a +3 ring of strength (left hand)
 v - a +3 ring of dexterity (right hand)
 L - an uncursed ring of protection from cold
 M - an uncursed ring of protection from fire
 N - an uncursed ring of ice
 O - an uncursed ring of protection from fire
Scrolls
 d - 5 scrolls of blinking
 l - 7 scrolls of remove curse
 m - 2 scrolls of amnesia
 A - a scroll of identify
 T - 2 scrolls of enchant weapon
Potions
 g - 10 potions of curing
 h - 3 potions of heal wounds
 i - 2 potions of haste
 j - 4 potions of magic
 k - a potion of invisibility
 G - 2 potions of resistance
 H - a potion of might
 I - a potion of agility
Comestibles
 f - 12 rations
 K - 2 chunks of flesh


   Skills:
 + Level 11.9 Fighting
 - Level 14.0 Short Blades
 - Level 5.2 Polearms
 + Level 1.5 Throwing
 * Level 11.3 Armour
 * Level 11.0 Dodging
 + Level 7.4 Stealth
 - Level 7.0 Spellcasting
 - Level 2.3 Charms
 - Level 6.5 Translocations
 * Level 12.5 Invocations
 + Level 4.6 Evocations


You had 14 spell levels left.
You knew the following spells:

 Your Spells              Type           Power        Failure   Level  Hunger
a - Shroud of Golubria    Chrm/Tloc      #####.....   1%          2    None
b - Blink                 Tloc           N/A          1%          2    None
c - Passage of Golubria   Tloc           N/A          4%          4    ##.....
d - Teleport Other        Tloc           ######..     1%          3    None

Your spell library contained the following spells:

 Spells                   Type           Power        Failure   Level  Hunger
 Gell's Gravitas          Tloc           ######....   1%          3    None
 Lesser Beckoning         Tloc           ######....   1%          3    None


Dungeon Overview and Level Annotations

Branches:
Dungeon (1/1)

Altars:
Cheibriados
Dithmenos
Elyvilon
Fedhas
Gozag
Hepliaklqana
Kikubaaqudgha
Makhleb
Nemelex Xobeh
Okawaru
Qazlal
Ru
Sif Muna
Trog
Uskayaw
Vehumet
Wu Jian
Xom
Yredelemnul
Zin
The Shining One
Beogh
Jiyva
Lugonu

Shops:
D :![[


Innate Abilities, Weirdness & Mutations

You have razor-sharp teeth.
You heal very quickly.
When hurt, damage is shared between your health and your magic reserves.
Your bite disrupts and absorbs the magic of your enemies.
Potions cannot restore your health.
You are immune to rotting.


Message History

Cheibriados thoroughly appreciates the change of pace.
A freezing mist starts to gather...
Your Dodging skill increases to level 11!
A yaktaur captain simulacrum comes into view.
The tengu reaver hits you from afar with an enchanted halberd!
* * * LOW HITPOINT WARNING * * *
Press: ? - help, v - describe, . - travel
Here: a tengu reaver, wielding an enchanted halberd and wearing a runed ring The floor.
Unknown command.
You can feel time thicken for a moment.
You destroy the battlesphere!
You feel somewhat more hungry.
The tengu reaver hits you but does no damage.
Unknown command.
You can feel time thicken for a moment.
You feel somewhat more hungry.
The yaktaur captain simulacrum hits you.
* * * LOW HITPOINT WARNING * * *
The yaktaur captain simulacrum freezes you!!!
You die...

▓_▓.▓.▓.▓'▓.▓.▓
▓'▓^▓'▓.▓[▓.▓.▓
▓.▓.▓.▓.▓)▓.▓)▓
▓.▓.▓.▓.▓)▓.▓.▓
▓.▓.▓^▓.▓.▓.▓)▓
▓)▓.▓.▓.▓.▓.▓.▓
▓.▓.▓.▓.▓∩▓.▓)▓
▓.▓.▓.▓.▓)▓.▓Z▓
▓.▓.▓.▓.▓∩▓.▓@▓
▓.▓.▓.▓.▓.▓.▓)▓
▓.▓.▓.▓.▓∩▓.▓Q▓
▓(▓.▓.▓.▓.▓.▓D▓
▓(▓.▓)▓.▓∩▓.▓.▓
▓.▓^▓.▓.▓)▓.▓.▓
▓)▓.▓'▓.▓.▓.▓.▓
▓.▓.▓.▓.▓.▓.▓.▓
▓.▓.▓.▓.▓.▓.▓


You could see an ice dragon, a tengu reaver and a yaktaur captain simulacrum.

Vanquished Creatures
  A sphinx (D)
  An ettin (D)
  An ogre mage (D)
  A yaktaur captain (D)
  A centaur warrior (D)
  4 death yaks (D)
  7 orc high priests (D)
  A skeletal warrior (D)
  A necromancer (D)
  3 orc knights (D)
  A deep elf mage (D)
  Psyche (D)
  2 spiny frogs (D)
  3 trolls (D)
  A tengu conjurer (D)
  2 hippogriffs (D)
  A wraith (D)
  Grum (D)
  2 basilisks (D)
  4 yaks (D)
  2 water moccasins (D)
  A soldier ant (D)
  4 porcupines (D)
  9 orc warriors (D)
  A sky beast (D)
  An ogre (D)
  3 crocodiles (D)
  3 wolves (D)
  2 centaurs (D)
  4 bullfrogs (D)
  A scorpion (D)
  A crimson imp (D)
  7 orc wizards (D)
  A hound (D)
  9 orc priests (D)
  An adder (D)
  2 adder skeletons (D)
  A leopard gecko (D)
  4 orcs (D)
  A bat (D)
  2 bat skeletons (D)
  A bat zombie (D)
  2 hobgoblins (D)
  A kobold (D)
103 creatures vanquished.

Notes
Turn   | Place    | Note
-------+----------+-------------------------------------------
     0 | D        | emperorscorpion the Vine Stalker Warper began the quest for
                  | the Orb.
     0 | D        | Reached XP level 1. HP: 11/11 MP: 4/4
    14 | D        | Reached skill level 1 in Throwing
    16 | D        | Reached XP level 2. HP: 2/16 MP: 0/6
   285 | D        | Noticed an ogre
   285 | D        | Noticed a scorpion
   290 | D        | Killed an ogre
   290 | D        | Reached skill level 1 in Armour
   290 | D        | Reached XP level 3. HP: 16/21 MP: 6/10
   290 | D        | Gained mutation: Your natural rate of healing is unusually
                  | fast. [Vine Stalker growth]
   290 | D        | Reached XP level 4. HP: 19/25 MP: 6/11
   292 | D        | Reached skill level 1 in Stealth
   296 | D        | Reached skill level 1 in Short Blades
   296 | D        | Reached skill level 5 in Spellcasting
   296 | D        | Reached XP level 5. HP: 22/30 MP: 6/13
   308 | D        | Reached skill level 5 in Polearms
   313 | D        | Found a roughly hewn altar of Beogh.
   313 | D        | Found a snail-covered altar of Cheibriados.
   313 | D        | Found a shadowy altar of Dithmenos.
   313 | D        | Found a white marble altar of Elyvilon.
   313 | D        | Found a blossoming altar of Fedhas.
   313 | D        | Found an opulent altar of Gozag.
   314 | D        | Found a hazy altar of Hepliaklqana.
   315 | D        | Found a viscous altar of Jiyva.
   316 | D        | Found an ancient bone altar of Kikubaaqudgha.
   317 | D        | Became a worshipper of Cheibriados the Contemplative
   321 | D        | Learned a level 2 spell: Shroud of Golubria
   321 | D        | Found a corrupted altar of Lugonu.
   322 | D        | Found a burning altar of Makhleb.
   323 | D        | Found a sparkling altar of Nemelex Xobeh.
   324 | D        | Found an iron altar of Okawaru.
   325 | D        | Found a stormy altar of Qazlal.
   326 | D        | Found a sacrificial altar of Ru.
   327 | D        | Found a deep blue altar of Sif Muna.
   328 | D        | Found a bloodstained altar of Trog.
   329 | D        | Found a hide-covered altar of Uskayaw.
   330 | D        | Found a radiant altar of Vehumet.
   331 | D        | Found an ornate altar of the Wu Jian Council.
   332 | D        | Found a shimmering altar of Xom.
   333 | D        | Found a basalt altar of Yredelemnul.
   334 | D        | Found a glowing silver altar of Zin.
   335 | D        | Found a glowing golden altar of the Shining One.
   389 | D        | Noticed a troll
   389 | D        | Noticed a sky beast
   389 | D        | Noticed a centaur
   393 | D        | Killed a troll
   393 | D        | Reached * piety under Cheibriados
   393 | D        | Reached skill level 5 in Fighting
   393 | D        | Reached skill level 3 in Short Blades
   393 | D        | Reached skill level 5 in Dodging
   393 | D        | Reached skill level 1 in Charms
   393 | D        | Reached skill level 5 in Translocations
   393 | D        | Reached XP level 6. HP: 27/36 MP: 10/16
   393 | D        | Killed a sky beast
   393 | D        | Reached XP level 7. HP: 29/39 MP: 10/17
   403 | D        | Reached ** piety under Cheibriados
   403 | D        | Reached skill level 4 in Short Blades
   412 | D        | Noticed a soldier ant
   412 | D        | Noticed a troll
   417 | D        | Reached *** piety under Cheibriados
   423 | D        | Killed a soldier ant
   423 | D        | Reached skill level 5 in Short Blades
   425 | D        | Reached **** piety under Cheibriados
   425 | D        | Reached skill level 5 in Armour
   431 | D        | Gained mutation: You have razor-sharp teeth. [Vine Stalker
                  | growth]
   431 | D        | Reached XP level 8. HP: 33/45 MP: 17/19
   437 | D        | Killed a troll
   437 | D        | Reached ***** piety under Cheibriados
   437 | D        | Reached skill level 6 in Short Blades
   437 | D        | Reached skill level 1 in Evocations
   443 | D        | Learned a level 2 spell: Blink
   448 | D        | Learned a level 4 spell: Passage of Golubria
   546 | D        | Noticed a hippogriff
   550 | D        | Killed a hippogriff
   564 | D        | Reached skill level 7 in Short Blades
   585 | D        | Reached XP level 9. HP: 48/50 MP: 20/20
   589 | D        | Reached ****** piety under Cheibriados
   589 | D        | Reached skill level 8 in Short Blades
   601 | D        | Noticed a spiny frog
   604 | D        | Killed a spiny frog
   604 | D        | Reached skill level 5 in Invocations
   606 | D        | Reached skill level 9 in Short Blades
   615 | D        | Noticed a spiny frog
   618 | D        | Noticed a death yak
   620 | D        | Killed a spiny frog
   622 | D        | Reached skill level 10 in Short Blades
   626 | D        | Killed a death yak
   626 | D        | Reached XP level 10. HP: 47/56 MP: 21/21
   628 | D        | Noticed a death yak
   628 | D        | Noticed a death yak
   628 | D        | Noticed a catoblepas
   628 | D        | Noticed a death yak
   634 | D        | Killed a death yak
   634 | D        | Reached skill level 11 in Short Blades
   651 | D        | Learned a level 3 spell: Teleport Other
   654 | D        | Killed a death yak
   667 | D        | Killed a death yak
   670 | D        | Reached skill level 12 in Short Blades
   793 | D        | Noticed an ettin
   799 | D        | Killed an ettin
   799 | D        | Reached XP level 11. HP: 34/62 MP: 6/22
   822 | D        | Reached skill level 5 in Stealth
   852 | D        | Noticed an orc knight
   852 | D        | Noticed an orc knight
   856 | D        | Noticed an orc knight
   864 | D        | Killed an orc knight
   867 | D        | Killed an orc knight
   873 | D        | Killed an orc knight
   873 | D        | Reached skill level 13 in Short Blades
   885 | D        | Reached skill level 10 in Invocations
   930 | D        | Found Okhlydeg's Book Emporium.
   930 | D        | Noticed an orc high priest
   930 | D        | Noticed an orc high priest
   930 | D        | Noticed an orc high priest
   933 | D        | Killed an orc high priest
   938 | D        | Killed an orc high priest
   938 | D        | Reached skill level 10 in Fighting
   938 | D        | Noticed an orc high priest
   967 | D        | Killed an orc high priest
   971 | D        | Killed an orc high priest
   973 | D        | Noticed an orc high priest
   991 | D        | Killed an orc high priest
   998 | D        | Found Keyl's Distillery.
  1002 | D        | Found Eggih's Antique Armour Emporium.
  1006 | D        | Found Fenlanla's Armour Shoppe.
  1018 | D        | Noticed an orc high priest
  1031 | D        | Killed an orc high priest
  1031 | D        | Reached skill level 14 in Short Blades
  1031 | D        | Gained mutation: You heal very quickly. [Vine Stalker
                  | growth]
  1031 | D        | Reached XP level 12. HP: 44/68 MP: 9/23
  1035 | D        | Noticed an orc high priest
  1055 | D        | Killed an orc high priest
  1055 | D        | Reached skill level 10 in Armour
  1061 | D        | Bought a steaming scale mail for 270 gold pieces
  1061 | D        | Bought a glowing helmet for 225 gold pieces
  1071 | D        | Identified the +6 scale mail of the Mind {Slay+3 SInv} (You
                  | bought it in a shop in the Dungeon)
  1088 | D        | Bought a potion of resistance for 100 gold pieces
  1088 | D        | Bought a potion of curing for 30 gold pieces
  1088 | D        | Bought a potion of might for 40 gold pieces
  1088 | D        | Bought a potion of agility for 40 gold pieces
  1090 | D        | Bought a glowing plate armour for 780 gold pieces
  1092 | D        | Bought a +0 pair of gloves of strength for 126 gold pieces
  1120 | D        | Noticed Psyche
  1124 | D        | Killed Psyche
  1133 | D        | Noticed Grum
  1145 | D        | Killed Grum
  1227 | D        | Noticed a centaur warrior
  1237 | D        | Reached skill level 10 in Dodging
  1245 | D        | Killed a centaur warrior
  1246 | D        | Noticed an ogre mage
  1246 | D        | Noticed a sphinx
  1249 | D        | Noticed a yaktaur captain
  1257 | D        | Noticed a tengu reaver
  1259 | D        | Killed an ogre mage
  1266 | D        | Killed a sphinx
  1267 | D        | Noticed an ice dragon
  1274 | D        | Killed a yaktaur captain
  1276 | D        | Demolished by a yaktaur captain simulacrum

Vault maps used:
D:        linesprint

Skill      XL: |  1  2  3  4  5  6  7  8  9 10 11 12 |
---------------+-------------------------------------+-----
Polearms       | 2 4 5 |  5.2
Fighting       | 2 3 4 5 6 7 8 9 10 11 | 11.9
Throwing       | 1 |  1.5
Dodging        | 2 3 5 6 7 8 9 11 | 11.0
Armour         | 1 2 3 4 5 6 7 8 9 11 | 11.3
Spellcasting   | 4 5 6 7 |  7.0
Stealth        | 1 2 4 6 7 |  7.4
Short Blades   | 1 3 5 7 10 12 14 | 14.0
Charms         | 1 2 |  2.3
Translocations | 5 6 |  6.5
Evocations     | 1 2 3 4 |  4.6
Invocations    | 3 7 9 11 12 | 12.5

Action                   |  1- 3 |  4- 6 |  7- 9 | 10-12 || total
-------------------------+-------+-------+-------+-------++-------
Melee: Spear             |    12 |       |       |       ||    12
       Bite              |     5 |     2 |    41 |   107 ||   155
       Dagger            |     5 |    13 |       |       ||    18
       Rapier            |       |     2 |    74 |   180 ||   256
 Cast: Shroud of Golubri |       |     1 |     5 |     4 ||    10
       Passage of Golubr |       |       |     8 |    19 ||    27
       Blink             |       |       |     2 |     5 ||     7
       Teleport Other    |       |       |       |     3 ||     3
Invok: Slouch            |       |       |       |     2 ||     2
Evoke: Wand              |       |     1 |     1 |     8 ||    10
  Use: Potion            |     1 |       |       |       ||     1
       Scroll            |       |       |     6 |     1 ||     7
 Stab: Sleeping          |       |       |     1 |       ||     1
       Petrified         |       |       |       |     3 ||     3
  Eat: Chunk             |       |       |       |     2 ||     2
Armor: Leather armour    |     2 |     1 |       |       ||     3
       Ring mail         |       |     3 |    22 |    12 ||    37
       Plate armour      |       |       |       |    25 ||    25
       Scale mail        |       |       |       |    12 ||    12
Dodge: Dodged            |     7 |    12 |    54 |   113 ||   186

Table legend:
 A = Non-vault XP
 B = Vault XP
 C = Vault XP percentage of total XP
 D = Non-vault monster count
 E = Vault monster count
 F = Vault count percentage of total count
                 A         B        C        D         E       F
            +---------+---------+-------+---------+---------+-------
      Total |       0 |   28619 | 100.0 |       0 |     103 | 100.0
            +---------+---------+-------+---------+---------+-------
          D |       0 |   28619 | 100.0 |       0 |     103 | 100.0
            +---------+---------+-------+---------+---------+-------
